 Dungeon Sprint DCSS version 0.28-a0-79-g444c7a33f5 (webtiles) character file.

Game seed: 9003673379803886051

34 Zeldest the Ducker (level 3, -3/46 HPs)
             Began as a Demigod Gladiator on Aug 2, 2021.
             Slain by a phantom (7 damage)
             ... in the Dungeon (Sprint IX: "|||||||||||||||||||||||||||||").
             The game lasted 00:00:25 (37 turns).

Zeldest the Ducker (Demigod Gladiator)                Turns: 37, Time: 00:00:26

Health: -3/46      AC:  4    Str: 15    XL:     3   Next: 1%
Magic:  5/5        EV: 13    Int: 10    God:
Gold:   0          SH:  0    Dex: 19    Spells: 2/2 levels left

rFire   . . .      SeeInvis .   a - +0 long sword
rCold   . . .      Faith    .   (no shield)
rNeg    . . .      Spirit   .   b - +0 leather armour
rPois   .          Reflect  .   c - +0 helmet
rElec   .          Harm     .   (no cloak)
rCorr   .          Rampage  .   (no gloves)
Will    .....      NoTele   +   (no boots)
Stlth   ..........              (no amulet)
HPRegen 0.15/turn               (no ring)
MPRegen 0.09/turn               (no ring)

@: berserking (expiring), very quick
A: high mp 1, forlorn
a: no special abilities


You were in the Dungeon.
You visited 1 branch

Inventory:

Hand Weapons
 a - a +0 long sword (weapon)
Missiles
 d - 3 throwing nets (quivered)
Armour
 b - a +0 leather armour (worn)
 c - a +0 helmet (worn)
Scrolls
 j - a scroll of blinking
Potions
 e - a potion of curing
 f - a potion of heal wounds
 g - a potion of haste
 h - 2 potions of magic


   Skills:
 + Level 3.3 Fighting
 + Level 3.9 Long Blades
 - Level 1.7 Throwing
 + Level 3.9 Dodging
 + Level 2.5 Evocations


You had 2 spell levels left.
You didn't know any spells.
Your spell library was empty.

Dungeon Overview and Level Annotations

Branches:
Dungeon (1/1)


Innate Abilities, Weirdness & Mutations

Your attributes grow dramatically as you level up.
You have an increased reservoir of magic. (+10% MP)
You shall have no god before yourself.


Message History

* * * LOW HITPOINT WARNING * * *
The hound closely misses you.
You riposte.
You hit the hound but do no damage.
The hound is lightly wounded.
A red film seems to cover your vision as you go berserk!
You feel yourself moving faster!
You feel mighty! The hound barely misses you.
You riposte.
You closely miss the hound.
The hound is lightly wounded.
You barely miss the hound.
The hound is lightly wounded.
The hound bites you.
* * * LOW HITPOINT WARNING * * *
A sky beast appears from thin air!
Reactivating autopickup.
You miss the hound.
The hound is lightly wounded.
The hound closely misses you.
You riposte.
You slash the hound!
The hound is severely wounded.
The hound barely misses you.
You riposte.
You hit the hound.
The hound is severely wounded.
You slash the hound!
You kill the hound!
The sky beast flickers out of sight!
Deactivating autopickup; reactivate with Ctrl-A.
Your Fighting skill increases to level 3!
Your Evocations skill increases to level 2!
You have reached level 2!
You have reached level 3!
Your experience leads to a dramatic increase in your attributes!
Increase (S)trength, (I)ntelligence, or (D)exterity?
You feel agile. x4
You slash the phantom!
The phantom is moderately damaged.
The phantom hits you.
* * * LOW HITPOINT WARNING * * *
You barely miss the phantom.
The phantom is moderately damaged.
You slash the phantom!
The phantom is heavily damaged.
The phantom hits you!
You die...

▓.▓
▓.▓
▓'▓
▓)▓
▓.▓
▓.▓
▓.▓
▓.▓
▓@▓
▓W▓
▓.▓
▓h▓
▓Z▓
▓.▓
▓+▓


You could see a phantom, a hound and a bat skeleton.

Vanquished Creatures
  A hound (D)
  A bat (D)
  3 kobolds (D)
  A rat (D)
6 creatures vanquished.

Notes
Turn   | Place    | Note
-------+----------+-------------------------------------------
     0 | D        | Zeldest the Demigod Gladiator began the quest for the Orb.
     0 | D        | Reached XP level 1. HP: 17/17 MP: 3/3
    15 | D        | Reached skill level 1 in Evocations
    27 | D        | Noticed a hound
    27 | D        | Noticed a phantom
    27 | D        | Noticed a sky beast
    27 | D        | Noticed a hound
    34 | D        | Killed a hound
    35 | D        | Reached XP level 2. HP: 5/26 MP: 4/4
    35 | D        | Reached XP level 3. HP: 6/31 MP: 5/5
    37 | D        | Slain by a phantom

Illustrated notes

Levels and vault maps discovered:
D:        linesprint [early_d, line_temple, items_1, d_10, items_2, lair_1,
          lair_end, items_3, orc_1, orc_end, items_4, d_15, swamp_1, shoals_1,
          snake_1, spider_1, d_20, vaults_1, items_5, swamp_end, shoals_end,
          snake_end, spider_end, vaults_end, d_27, items_6, zot_1, zot_end,
          crypt_end, forest_end, elf_end, slime_end, tomb_end, abyss_end,
          pan_hell_end]

Skill      XL: |  1 |
---------------+----+-----
Fighting       | 3 |  3.3
Long Blades    | 3 |  3.9
Dodging        | 3 |  3.9
Evocations     | 2 |  2.5
Throwing       | |  1.7

Action                   || total
-------------------------++-------
Melee: Long sword        ||    25
  Use: Potion            ||     1
Armor: Leather armour    ||     5
Dodge: Dodged            ||    16
       Rpst.: Long sword ||     7

Table legend: (Time is in decaauts)
 A = Elapsed time spent in this place.
 B = Non-inter-level travel time spent in this place.
 C = Inter-level travel time spent in this place.
 D = Time resting spent in this place.
 E = Time spent auto-exploring this place.
 F = Levels seen in this place.
 G = Mean time per level.
                   A        B        C        D        E       F      G
               +--------+--------+--------+--------+--------+-----+--------+
         Total |     40 |     40 |      0 |      0 |      0 |   1 |   40.0 |
       Dungeon |     40 |     40 |      0 |      0 |      0 |   1 |   40.0 |
               +--------+--------+--------+--------+--------+-----+--------+

Top non-repeatable levels by time:
       D: 40 daAuts
